 Dungeon Crawl Stone Soup version 0.25-a0-410-g53dbb631d1 (webtiles) character file.

Game seed: 3297910595498345153, levelgen mode: deterministic

1213 Napalmbreeze the Archer (level 8, 0/105 HPs)
             Began as a Centaur Hunter on Jan 13, 2020.
             Was an Initiate of Okawaru.
             Slain by a jackal (3 damage)
             ... on level 6 of the Dungeon.
             The game lasted 00:16:12 (6164 turns).

Napalmbreeze the Archer (Centaur Hunter)            Turns: 6164, Time: 00:16:12

Health: 0/105      AC:  7    Str: 18 (19) XL:     8   Next: 22%
Magic:  8/8        EV:  9    Int:  7 (10) God:    Okawaru [......]
Gold:   195        SH:  0    Dex: 12 (13) Spells: 7/7 levels left

rFire    . . .     SeeInvis .   b - +0 spear
rCold    . . .     Gourm    .   (no shield)
rNeg     . . .     Faith    .   z - +0 leather armour {rPois}
rPois    +         Spirit   .   i - +2 hat
rElec    .         Reflect  .   (no cloak)
rCorr    .         Harm     .   A - +0 pair of gloves
MR       .....                  (no barding)
Stlth    ..........             (no amulet)
HPRegen  0.27/turn              (no ring)
MPRegen  0.11/turn              (no ring)

@: berserking, lethally poisoned (0 -> -2), hasted, very quick
A: large, hooves 3, deformed body, speed 2, tough skin 3
a: Renounce Religion


You were on level 6 of the Dungeon.
You worshipped Okawaru.
Okawaru was noncommittal.
You were hungry.

You visited 2 branches of the dungeon, and saw 7 of its levels.

You collected 195 gold pieces.

Inventory:

Hand Weapons
 a - a +1 shortbow
 b - a +0 spear (weapon)
Missiles
 d - 63 arrows
Armour
 c - a +0 leather armour
 i - a +2 hat (worn)
 z - a +0 leather armour of poison resistance (worn)
 A - a +0 pair of gloves (worn)
Jewellery
 s - an uncursed ring of fire
 v - an uncursed amulet of rage
Wands
 g - a wand of flame (10)
 o - a wand of random effects (15)
Scrolls
 j - 6 scrolls of remove curse {unknown}
 l - a scroll of random uselessness {unknown}
 m - 4 scrolls of identify {unknown}
 p - a scroll of enchant weapon {unknown}
 q - a scroll of enchant armour {unknown}
 t - a scroll of magic mapping {unknown}
 u - a scroll of teleportation {unknown}
 y - a scroll of noise {unknown}
Potions
 e - 2 potions of haste
 h - 2 potions of heal wounds {unknown}
 k - 2 potions of degeneration
 n - 2 potions of berserk rage
 r - 2 potions of agility {unknown}
 w - a potion of mutation {unknown}
 x - a potion of invisibility
Comestibles
 f - 11 rations


   Skills:
 - Level 6.0 Fighting
 + Level 4.0 Polearms
 + Level 9.8 Bows
 - Level 1.3 Dodging
 - Level 0.4 Stealth
 + Level 1.0 Invocations


You had 7 spell levels left.
You didn't know any spells.
Your spell library contained the following spells:

 Spells                   Type           Power        Failure   Level  Hunger
 Beastly Appendage        Tmut           #.....       50%         1    ##.....
 Sticks to Snakes         Tmut           #.......     63%         2    ###....
 Confusing Touch          Hex            #.......     86%         3    ####...
 Gell's Gravitas          Tloc           #.........   86%         3    ####...
 Spider Form              Tmut/Pois      #.........   86%         3    ####...
 Ice Form                 Ice/Tmut       #.......     99%         4    #####..
 Petrify                  Tmut/Erth      #.......     99%         4    #####..
 Blade Hands              Tmut           #.........   100%        5    ######.
 Metabolic Englaciation   Hex/Ice        #.........   100%        5    ######.
 Yara's Violent Unravell  Hex/Tmut       #.........   100%        5    ######.


Dungeon Overview and Level Annotations

Branches:
Dungeon (6/15)             Temple (1/1) D:5

Altars:
Ashenzari
Cheibriados
Dithmenos
Elyvilon
Fedhas
Kikubaaqudgha
Makhleb
Nemelex Xobeh
Okawaru
Qazlal
Ru
Sif Muna
Trog
Uskayaw
Vehumet
Wu Jian
Xom
Yredelemnul
Zin
The Shining One


Innate Abilities, Weirdness & Mutations

You have hooves in place of feet.
Armour fits poorly on your strangely shaped body.
You cover ground very quickly.
You have extremely tough skin. (AC +3)


Message History

The water moccasin poisons you!
The jackal bites you but does no damage.
You barely miss the water moccasin. Your kick misses the water moccasin.
The water moccasin is moderately wounded.
You feel sick.
Unknown command.
Unknown command.
You closely miss the water moccasin. Your kick misses the water moccasin.
The water moccasin is moderately wounded.
The jackal bites you but does no damage.
The water moccasin bites you!
* * * LOW HITPOINT WARNING * * *
Unknown command.
You are too berserk!
You are too berserk!
You puncture the water moccasin! You kick the water moccasin.
The water moccasin is severely wounded.
* * * LOW HITPOINT WARNING * * *
You feel sick. The jackal bites you.
You die...

..........#.# ..#...#W# ###
........ ... .........# #.#
......# #.# ....####.###.#
......####.#########
#.......#
..................#
#)##....#
.............######
#W##.#### [............##
#(##.#
..............#########.####
...#..#........S@hhW...(#
......#.......###########
.#.##.#.#####.# .#.##.#.#
#.# .####.### #.# ...>..#
### #######


You could see a phantom, a water moccasin and 2 jackals.

Vanquished Creatures
  Menkaure (D:5)
  A phantom (D:4)
  2 ogres (D:4)
  2 centaurs
  A scorpion (D:5)
  2 crimson imps (D:5)
  A jelly (D:5)
  2 orc priests (D:3)
  A bullfrog skeleton (D:4)
  2 orc wizards (D:4)
  Natasha (thrice) (D:2)
  2 worker ants (D:4)
  A hound skeleton (D:3)
  2 worker ant zombies (D:3)
  3 gnolls (D:4)
  A howler monkey skeleton (D:3)
  6 adders
  4 adder skeletons
  An adder zombie (D:5)
  4 worms
  4 dart slugs
  4 leopard geckos
  20 orcs
  2 ball pythons
  2 giant cockroaches
  9 goblins
  2 hobgoblins
  18 jackals
  4 kobolds
  4 quokkas
  4 bats
  A frilled lizard (D:1)
  4 jackal skeletons (D:3)
  2 leopard gecko skeletons (D:3)
  2 quokka skeletons
  4 rats
128 creatures vanquished.

Notes
Turn   | Place    | Note
-------+----------+-------------------------------------------
     0 | D:1      | Napalmbreeze the Centaur Hunter began the quest for the
                  | Orb.
     0 | D:1      | Reached XP level 1. HP: 17/17 MP: 1/1
   208 | D:1      | You fall into a shaft and drop 1 floor!
   220 | D:2      | Reached XP level 2. HP: 25/25 MP: 2/2
   220 | D:2      | Noticed Natasha
   726 | D:2      | Reached XP level 3. HP: 31/31 MP: 3/3
   755 | D:2      | Killed Natasha
   755 | D:2      | Reached skill level 6 in Bows
   876 | D:2      | Noticed Natasha
   906 | D:1      | Reached XP level 4. HP: 23/40 MP: 4/4
  1529 | D:2      | Found a shadowy altar of Dithmenos.
  1532 | D:2      | Found a bloodstained altar of Trog.
  1535 | D:2      | Found a basalt altar of Yredelemnul.
  1617 | D:2      | Killed Natasha
  1675 | D:2      | Noticed Natasha
  1681 | D:2      | Killed Natasha
  1681 | D:2      | Reached XP level 5. HP: 25/47 MP: 5/5
  2173 | D:3      | Reached skill level 5 in Fighting
  2214 | D:3      | Reached skill level 7 in Bows
  2262 | D:3      | Reached XP level 6. HP: 54/56 MP: 6/6
  2518 | D:3      | Found a sparkling altar of Nemelex Xobeh.
  3459 | D:4      | Reached skill level 1 in Polearms
  3459 | D:4      | Reached skill level 8 in Bows
  3577 | D:4      | Reached XP level 7. HP: 61/61 MP: 7/7
  4068 | D:5      | Entered Level 5 of the Dungeon
  4282 | D:5      | Reached skill level 9 in Bows
  4591 | D:5      | Found a staircase to the Ecumenical Temple.
  4731 | Temple   | Entered the Ecumenical Temple
  4874 | Temple   | Became a worshipper of Warmaster Okawaru
  5623 | D:5      | Noticed Menkaure
  5655 | D:5      | Killed Menkaure
  5655 | D:5      | Reached XP level 8. HP: 40/70 MP: 8/8
  5847 | D:5      | Found a burning altar of Makhleb.
  5849 | D:5      | Found a shimmering altar of Xom.
  6147 | D:6      | Reached skill level 1 in Invocations
  6163 | D:6      | HP: 4/105 [water moccasin (8)]
  6164 | D:6      | Slain by a jackal

Levels and vault maps discovered:
D:1:      scummos_arrival_forest, layout_basic
D:2:      layout_loops_ring, grunt_temple_overflow_diamond, uniq_natasha
D:3:      layout_basic, nicolae_overflow_hidden_temple, serial_undead,
          serial_undead_a, serial_undead_f, serial_undead_e, serial_undead_a,
          serial_undead_b, first_ration
D:4:      layout_basic
D:5:      layout_basic, grunt_temple_overflow_champion_of_chaos, temple_pool_b,
          uniq_menkaure
D:6:      layout_basic, glass_columns_a
Temple:   eino_temple_water

Skill      XL: |  1  2  3  4  5  6  7  8 |
---------------+-------------------------+-----
Fighting       | 3 4 5 6 |  6.0
Bows           | 6 7 8 9 |  9.8
Polearms       | 1 3 4 |  4.0
Invocations    | 1 |  1.0
Dodging        | |  1.3
Stealth        | |  0.4

Action                   |  1- 3 |  4- 6 |  7- 9 || total
-------------------------+-------+-------+-------++-------
Melee: Short sword       |    13 |    31 |       ||    44
       Kick              |     1 |    44 |    24 ||    69
       Spear             |       |   145 |   108 ||   253
 Fire: Shortbow          |    49 |   114 |    82 ||   245
  Use: Potion            |       |       |     3 ||     3
  Eat: Chunk             |       |     6 |     6 ||    12
Armor: Leather armour    |    13 |    68 |    33 ||   114
Dodge: Dodged            |    20 |    63 |    53 ||   136

Table legend:
 A = Non-vault XP
 B = Vault XP
 C = Vault XP percentage of total XP
 D = Non-vault monster count
 E = Vault monster count
 F = Vault count percentage of total count
                 A         B        C        D         E       F
            +---------+---------+-------+---------+---------+-------
      Total |    1405 |     329 |  19.0 |     112 |      16 |  12.5
            +---------+---------+-------+---------+---------+-------
        D:1 |      41 |       0 |   0.0 |      14 |       0 |   0.0
        D:2 |     125 |      35 |  21.9 |      18 |       1 |   5.3
        D:3 |     155 |      83 |  34.9 |      28 |      13 |  31.7
        D:4 |     635 |       0 |   0.0 |      30 |       0 |   0.0
        D:5 |     317 |     211 |  40.0 |      18 |       2 |  10.0
        D:6 |     132 |       0 |   0.0 |       4 |       0 |   0.0
            +---------+---------+-------+---------+---------+-------
